 Dungeon Crawl Stone Soup version 0.29-a0-490-g77b3608bb8 (webtiles) character file.

Game seed: 5114995664550324122

101 siradein the Chopper (level 4, -5/41 HPs)
             Began as a Minotaur Berserker on May 26, 2022.
             Was a Believer of Trog.
             Slain by a gnoll
             ... wielding a +0 halberd
              (7 damage)
             ... on level 3 of the Dungeon.
             The game lasted 00:05:38 (2083 turns).

siradein the Chopper (Minotaur Berserker)           Turns: 2083, Time: 00:05:39

Health: -5/41      AC:  3    Str: 24    XL:     4   Next: 48%
Magic:  3/3        EV: 27    Int:  4    God:    Trog [**....]
Gold:   102        SH:  0    Dex: 12    Spells: 3/3 levels left

rFire   . . .      SeeInvis .   a - +0 hand axe
rCold   . . .      Faith    .   (no shield)
rNeg    . . .      Spirit   .   b - +0 animal skin
rPois   .          Reflect  .   (helmet restricted)
rElec   .          Harm     .   (no cloak)
rCorr   .          Rampage  .   d - +0 pair of gloves {Dex+3}
Will    ++...                   (no boots)
Stlth   +.........              n - amulet of the acrobat
HPRegen 1.13/turn               o - +4 ring of slaying
MPRegen 0.08/turn               (no ring)

@: strong-willed, on berserk cooldown, acrobatic, regenerating, slowed, very
slow
A: horns 2, retaliatory headbutt
a: Renounce Religion, Berserk, Trog's Hand


You were on level 3 of the Dungeon.
You worshipped Trog.
Trog was pleased with you.
You visited 1 branch of the dungeon, and saw 3 of its levels.

You collected 102 gold pieces.

Inventory:

Hand Weapons
 a - a +0 hand axe (weapon)
Armour
 b - a +0 animal skin (worn)
 d - a +0 pair of gloves of dexterity (worn)
Jewellery
 n - an amulet of the acrobat (around neck)
 o - a +4 ring of slaying (left hand)
Scrolls
 f - a scroll of poison {unknown}
 h - 2 scrolls of identify {unknown}
 i - a scroll of teleportation {unknown}
 k - a scroll of noise {unknown}
 l - a scroll of enchant armour {unknown}
 q - a scroll of summoning {unknown}
Potions
 c - a potion of attraction {unknown}
 e - a potion of haste {unknown}
 g - 2 potions of berserk rage {unknown}
 j - a potion of curing {unknown}
 m - a potion of brilliance {unknown}
 p - a potion of magic {unknown}


   Skills:
 + Level 4.4 Fighting
 + Level 4.5 Axes
 + Level 3.5 Armour
 + Level 3.2 Dodging


You had 3 spell levels left.
You didn't know any spells.
Your spell library was empty.

Dungeon Overview and Level Annotations

Branches:
Dungeon (3/15)

Altars:


Innate Abilities, Weirdness & Mutations

You have a pair of horns on your head.
You reflexively headbutt those who attack you in melee.


Message History

You hear the slow rusting of a drain nearby.
Jessica hits you with a +0 dagger.
The giant cockroach bites you but does no damage.
Jessica hits you with a +0 dagger.
* * * LOW HITPOINT WARNING * * *
The giant cockroach closely misses you. Jessica closely misses you.
A red film seems to cover your vision as you go berserk!
You feel yourself moving faster!
You feel mighty! Jessica hits you with a +0 dagger.
* * * LOW HITPOINT WARNING * * *
The giant cockroach barely misses you. Jessica hits you with a +0 dagger.
* * * LOW HITPOINT WARNING * * *
The giant cockroach barely misses you.
You slash Jessica!
You kill Jessica!
Trog accepts your kill.
Trog appreciates your killing of a magic user.
You slash the giant cockroach!
You kill the giant cockroach!
Trog accepts your kill.
Unknown command.
Unknown command.
Things that are here:
a +0 dagger; a +0 robe; the human corpse of Jessica You feel a strong urge to attack something.
Found a fizzy emerald potion.
You feel your anger nearly subside.
You are no longer berserk.
You are exhausted.
You feel as though you will be slow longer.
A gnoll comes into view. It is wielding a +0 halberd.
The gnoll moves out of view.
You see here a scarf of shadows.
The gnoll completely misses you.
Your skin crawls.
You feel strong-willed. The gnoll misses you.
The gnoll hits you with a +0 halberd!
* * * LOW HITPOINT WARNING * * *
The gnoll hits you with a +0 halberd!
You die...

.. .. #..# ######.# #[.#
..<.. #..# #..# ####..##
#.# #......# ##.#######
#......###########)........
#........(..<.@g...########
#.........######...#
####.####.# ###.### #..#
#.####...# #..# #..!.[.###
##..# #####..# #...# ...##
#.<(# #.#.. #...# #..#..


You could see a gnoll.

Vanquished Creatures
  Jessica (D:3)
  3 adders
  2 dart slugs
  2 endoplasms (D:2)
  2 giant cockroaches
  5 goblins
  4 hobgoblins
  10 jackals
  2 quokkas (D:1)
  2 ball pythons
  3 bats
  A frilled lizard (D:2)
  2 kobolds (D:1)
  2 rats (D:1)
41 creatures vanquished.

Vanquished Creatures (others)
  6 plants (D:2)
6 creatures vanquished.

Grand Total: 47 creatures vanquished

Notes
Turn   | Place    | Note
-------+----------+-------------------------------------------
     0 | D:1      | siradein the Minotaur Berserker began the quest for the
                  | Orb.
     0 | D:1      | Reached XP level 1. HP: 19/19 MP: 0/0
   349 | D:1      | Reached XP level 2. HP: 27/27 MP: 1/1
  1061 | D:2      | Reached XP level 3. HP: 27/33 MP: 2/2
  1076 | D:2      | Reached ** piety under Trog
  2022 | D:3      | Reached XP level 4. HP: 38/40 MP: 3/3
  2055 | D:3      | Noticed Jessica
  2067 | D:3      | Killed Jessica
  2083 | D:3      | HP: 2/41 [gnoll/+0 halberd (12)]
  2083 | D:3      | Slain by a gnoll

Illustrated notes

Levels and vault maps discovered:
D:1:      dpeg_arrival_arbitrary_a, layout_loops_corners
D:2:      layout_basic, serial_forest, infiniplex_forest_end_2,
          infiniplex_forest_clump_small, infiniplex_forest_pool,
          infiniplex_forest_end_1, infiniplex_forest_fountain,
          infiniplex_forest_clump_medium, infiniplex_forest_clump_long,
          infiniplex_forest_straight_2
D:3:      layout_rooms, shapermc_ecumenical_altar_venn,
          cheibrodos_sewer_entry_sluice, uniq_grinder, uniq_jessica

Skill      XL: |  1  2  3 |
---------------+----------+-----
Axes           | 4 |  4.5
Fighting       | 4 |  4.4
Armour         | 3 |  3.5
Dodging        | 3 |  3.2

Action                   |  1- 3 |  4- 6 || total
-------------------------+-------+-------++-------
Melee: Hand axe          |    84 |     5 ||    89
       Headbutt          |    12 |       ||    12
Invok: Berserk           |       |     1 ||     1
       Trog's Hand       |       |     1 ||     1
 Stab: Sleeping          |     1 |       ||     1
Armor: Animal skin       |    23 |     1 ||    24
Dodge: Dodged            |    55 |     6 ||    61

Table legend: (Time is in decaauts)
 A = Elapsed time spent in this place.
 B = Non-inter-level travel time spent in this place.
 C = Inter-level travel time spent in this place.
 D = Time resting spent in this place.
 E = Time spent auto-exploring this place.
 F = Levels seen in this place.
 G = Mean time per level.
                   A        B        C        D        E       F      G
               +--------+--------+--------+--------+--------+-----+--------+
         Total |   2098 |   2028 |     70 |      0 |   1706 |   3 |  699.3 |
       Dungeon |   2098 |   2028 |     70 |      0 |   1706 |   3 |  699.3 |
               +--------+--------+--------+--------+--------+-----+--------+

Top non-repeatable levels by time:
     D:1: 1043 daAuts
     D:2: 981 daAuts
     D:3: 73 daAuts
